 Dungeon Crawl Stone Soup version 0.15-a0-1471-g7d01089 (webtiles) character file.

995 Chiseanne the Slicer (level 8, -1/50 HPs)
             Began as an Octopode Assassin on June 12, 2014.
             Was an Initiate of Gozag.
             Slain by an ogre
             ... wielding a +0,+0 giant club
              (25 damage)
             ... on Level 7 of the Dungeon.
             The game lasted 00:21:39 (6682 turns).

Chiseanne the Slicer (Octopode Assassin)            Turns: 6682, Time: 00:21:39

HP  -1/50        AC  1     Str 10      XL: 8   Next: 19%
MP   7/8         EV 12     Int 14      God: Gozag
Gold 176         SH  0     Dex 15      Spells:  0 memorised,  7 levels left

rFire  . . .     SeeInvis .     a - +3,+1 cutlass
rCold  . . .     Clarity  .     (no shield)
rNeg   . . .     rCorr    .     (helmet restricted)
rPois  .         rRot     .     (no amulet)
rElec  .         Spirit   .     p - ring of invisibility
SustAb .         Warding  .     (no ring)
rMut   .         Stasis   .     (no ring)
Gourm  .                        (no ring)
MR     .....                    (no ring)
                                (no ring)
                                (no ring)
                                (no ring)

@: not resistant to hostile enchantments, stealthy
A: almost no armour, amphibious, 8 rings, constrict 8, camouflage 1, gelatinous
body 1
a: Potion Petition, Call Merchant, Bribe Branch, Renounce Religion, Evoke
Invisibility


You were on level 7 of the Dungeon.
You worshipped Gozag.
Gozag was noncommittal.
You were not hungry.

You visited 2 branches of the dungeon, and saw 8 of its levels.

You collected 309 gold pieces.
You paid 133 gold pieces to Gozag.

Inventory:

Hand weapons
 a - a +3,+1 cutlass (weapon)
 d - a +2,+0 dagger of draining
 k - a +2,+2 dagger
 r - a cursed +0,-3 war axe
 s - a +2,+1 antimagic cutlass
 w - a +0 blowgun
Missiles
 e - 9 poisoned needles
 t - 26 sling bullets
Magical devices
 o - a wand of flame (0)
Comestibles
 b - 2 meat rations
 g - a bread ration
Scrolls
 j - a scroll of fog
 l - 6 scrolls of remove curse
 n - 2 scrolls of identify
Jewellery
 p - a ring of invisibility (left tentacle)
Potions
 c - a potion of resistance
 m - a potion of cure mutation
 q - a potion of mutation
 u - a potion of curing
 v - a potion of restore abilities


   Skills:
 - Level 2.0 Fighting
 + Level 9.4 Short Blades
 - Level 2.0 Throwing
 - Level 1.0 Dodging
 - Level 5.3 Stealth


You had 7 spell levels left.
You didn't know any spells.

Dungeon Overview and Level Annotations

Branches:
Dungeon (7/15)             Temple (1/1) D:4

Altars:
Dithmenos
Fedhas
Gozag
Makhleb
Okawaru
Qazlal
Trog
Vehumet
Xom
The Shining One

Shops:
D:4 ?

Annotations:
D:3 Grinder


Innate Abilities, Weirdness & Mutations

You cannot wear most types of armour.
You are amphibious.
You can wear up to eight rings at the same time.
You can use your tentacles to constrict many enemies at once.
Your skin changes colour to match your surroundings (Stealth).
Your rubbery body absorbs attacks (AC +1).


Message History

Firing (i - inventory):
e - 10 poisoned needles (quivered)
Press: ? - help, Shift-Dir - straight line, f/p - ogre
Aim: an ogre, wielding a giant club (moderately wounded, poisoned)
You shoot a poisoned needle. The poisoned needle hits the ogre!
The ogre looks even sicker.
The ogre is moderately wounded.
The ogre barely misses you.
Wield which item (- for none, * to show all)? (? for menu, Esc to quit)
a - a +3,+1 cutlass (weapon)
You slash the ogre!
The ogre is heavily wounded.
You hit the ogre.
The ogre is severely wounded.
The ogre barely misses you.
You hit the ogre.
The ogre is almost dead.
The ogre hits you with a giant club!!
Ouch! That really hurt!
You die...
Your body crumbles into a pile of gold.

#######..## $
##..........
#...((##..##
#..##(##..#
#..##.#.....
#######..##......#
#........##O#...##
#O#####.###.##.##
#@# #.# #.##.# #.#
... ... . #.# .###
#g# . #.# ## #.#
..# ... .J#


You could see an ogre, a jelly (sleeping) and a goblin (sleeping).

Vanquished Creatures
  2 ogres
  2 phantoms
  A scorpion (D:4)
  A killer bee (D:7)
  An orc priest (D:4)
  3 orc wizards
  5 worker ants
  An iguana (D:5)
  Jessica (D:2)
  3 gnolls (D:2)
  10 adders
  5 worms
  2 giant geckos
  8 orcs
  13 goblins
  15 hobgoblins
  11 jackals
  14 kobolds
  6 bats
  6 giant cockroaches
  11 giant newts
  A goblin skeleton (D:5)
  A hobgoblin skeleton (D:4)
  A quokka skeleton (D:7)
  8 rats
132 creatures vanquished.

Vanquished Creatures (others)
  A giant spore (D:6)
1 creature vanquished.

Grand Total: 133 creatures vanquished

Notes
Turn   | Place    | Note
--------------------------------------------------------------
     0 | D:1      | Chiseanne, the Octopode Assassin, began the quest for the Orb.
     0 | D:1      | Reached XP level 1. HP: 14/14 MP: 1/1
   196 | D:1      | Reached XP level 2. HP: 13/19 MP: 2/2
   808 | D:1      | Reached XP level 3. HP: 16/24 MP: 3/3
  1539 | D:2      | Found a radiant altar of Vehumet.
  1546 | D:2      | HP: 1/24 [kobold/ stone (1)]
  2213 | D:2      | Reached XP level 4. HP: 19/29 MP: 4/4
  2389 | D:2      | Noticed Jessica
  2397 | D:2      | Killed Jessica
  2578 | D:2      | Reached skill level 5 in Short Blades
  2578 | D:2      | Reached XP level 5. HP: 34/34 MP: 5/5
  3033 | D:3      | Noticed Grinder
  3369 | D:3      | Found a shimmering altar of Xom.
  3651 | D:4      | Found a staircase to the Ecumenical Temple.
  3889 | D:4      | Reached skill level 6 in Short Blades
  3902 | D:4      | Reached XP level 6. HP: 39/39 MP: 6/6
  4175 | D:4      | Found Ciaquvaa's Magic Scroll Emporium.
  4185 | D:4      | Noticed an ogre
  4359 | D:4      | Found a stormy altar of Qazlal.
  4475 | D:4      | Reached skill level 7 in Short Blades
  4832 | D:4      | Reached XP level 7. HP: 12/45 MP: 7/7
  5049 | D:4      | Killed an ogre
  5082 | D:5      | Entered Level 5 of the Dungeon
  5166 | D:5      | Reached skill level 8 in Short Blades
  6095 | D:5      | Reached skill level 9 in Short Blades
  6095 | D:5      | Reached XP level 8. HP: 50/50 MP: 8/8
  6246 | Temple   | Entered the Ecumenical Temple
  6261 | Temple   | Became a worshipper of Gozag Ym Sagoz the Greedy
  6396 | D:6      | Found a shimmering altar of Xom.
  6682 | D:7      | Slain by an ogre

Action                   |  1- 3 |  4- 6 |  7- 9 || total
-------------------------+-------+-------+-------++-------
Melee: Dagger            |    75 |   122 |     1 ||   198
       Cutlass           |       |    38 |    84 ||   122
 Fire: Blowgun           |     7 |    15 |    16 ||    38
Throw: Tomahawk          |       |       |     4 ||     4
Evoke: Wand              |       |     3 |     2 ||     5
  Use: Scroll            |       |     4 |     5 ||     9
       Potion            |       |     1 |     7 ||     8
 Stab: Sleeping          |    11 |    12 |     4 ||    27
       Distracted        |       |     1 |     1 ||     2
       Invisible         |       |       |     1 ||     1
